 Dungeon Crawl Stone Soup version 0.31-a0-1002-g8e65716e6e (webtiles) character file.

Game seed: 10330795219189435489

10 BritishOli the Trooper (level 2, 24/24 HPs)
             Began as a Demonspawn Fighter on Nov 10, 2023.
             Got out of the dungeon alive.
             The game lasted 00:00:14 (239 turns).

BritishOli the Trooper (Demonspawn Fighter)          Turns: 239, Time: 00:00:15

Health: 24/24      AC:  6    Str: 16    XL:     2   Next: 10%
Magic:  2/2        EV:  8    Int:  9    God:
Gold:   43         SH:  4    Dex: 12    Spells: 1/1 levels left

rFire   . . .        a - +0 war axe
rCold   . . .        c - +0 buckler
rNeg    . . .        b - +0 scale mail
rPois   .            (no helmet)
rElec   .            (no cloak)
rCorr   .            (no gloves)
SInv    .            (no boots)
Will    .....        (no amulet) Stlth
                     (no ring)
HPRegen 0.24/turn    (no ring)
MPRegen 0.16/turn

%: no passive effects
@: no status effects
A: magic regeneration
a: no special abilities


You escaped.
You visited 1 branch of the dungeon, and saw 1 of its levels.

You collected 43 gold pieces.

Inventory:

Hand Weapons
 a - a +0 war axe (weapon)
Armour
 b - a +0 scale mail (worn)
 c - a +0 buckler (worn)
Scrolls
 e - a scroll of identify {unknown}
 g - a scroll of revelation {unknown}
Potions
 d - a potion of might
 f - a potion of lignification {unknown}


   Skills:
 + Level 3.1 Fighting
 + Level 2.0 Axes
 + Level 2.8 Armour
 + Level 2.9 Shields


You had one spell level left.
You didn't know any spells.
Your spell library was empty.

Dungeon Overview and Level Annotations

Branches:
Dungeon (1/15)

Altars:


Innate Abilities, Weirdness & Mutations

You regenerate magic rapidly.


Message History

You slash the ball python!
You kill the ball python!
Your Axes skill increases to level 2!
g - a scroll labelled FEFREI GIGAS No target in view!
Things that are here:
a +0 dagger; a goblin corpse You see here a ball python corpse.
A goblin comes into view. It is wielding a +0 club.
The goblin shouts!
A bat comes into view.
There are monsters nearby!
Found 15 gold pieces.
There are monsters nearby!
Found 3 stones.
The bat hits you but does no damage. x2
There are monsters nearby!
Found an escape hatch in the floor.
The bat hits you. The goblin hits you but does no damage.
There are monsters nearby!
You hit the goblin.
You kill the goblin!
The bat hits you.
You have reached level 2!
Your demonic ancestry asserts itself...
Your magic begins to regenerate rapidly.
The bat hits you.
You barely miss the bat. The bat hits you but does no damage.
You barely miss the bat. The bat barely misses you. The bat misses you.
You block the bat's attack.
You closely miss the bat. The bat barely misses you.
The bat hits you but does no damage.
You hit the bat.
You kill the bat!
No target in view!
No target in view!
No target in view!
Found 9 gold pieces.
There is an open door here.
There is a staircase leading out of the dungeon here.
You have escaped!

...# #.#####...## .#
....# #.....§§...# ##.#
≈≈...##...≈≈§§...##....
≈≈≈....§§≈≈§§≈≈.....#.#
≈≈≈..[...≈≈§≈§≈.......#
≈≈≈......§≈§§§≈.......#
≈≈..####..§§§§.........
..$#+##'#..§.........##
##. #>@##.######†#...#
#. +##+#............#
..####...###..###....
#......#..###.#...###
................###
#.................#
#......#..)......#
######.#.........#
..#.........#


There were no monsters in sight!

Vanquished Creatures
  A dart slug (D:1)
  3 bats (D:1)
  2 goblins (D:1)
  A ball python (D:1)
7 creatures vanquished.

Notes
Turn   | Place    | Note
-------+----------+-------------------------------------------
     0 | D:1      | BritishOli the Demonspawn Fighter began the quest for the
                  | Orb.
     0 | D:1      | Reached XP level 1. HP: 18/18 MP: 1/1
   167 | D:1      | Gained mutation: You regenerate magic rapidly. [demonic
                  | ancestry]
   167 | D:1      | Reached XP level 2. HP: 22/24 MP: 2/2
   239 | D:$      | Got out of the dungeon alive.

Illustrated notes

Levels and vault maps discovered:
D:1:      dpeg_arrival_pits, layout_basic

Skill      XL: |  1 |
---------------+----+-----
Axes           | 2 |  2.0
Fighting       | |  3.1
Armour         | |  2.8
Shields        | |  2.9

Action                     || total
---------------------------++-------
  Melee: War axe           ||    25
 Armour: Scale mail        ||    27
  Dodge: Dodged            ||    15
  Block: Buckler           ||     8

Table legend: (Time is in decaauts)
 A = Elapsed time spent in this place.
 B = Non-inter-level travel time spent in this place.
 C = Inter-level travel time spent in this place.
 D = Time resting spent in this place.
 E = Time spent auto-exploring this place.
 F = Levels seen in this place.
 G = Mean time per level.
                   A        B        C        D        E       F      G
               +--------+--------+--------+--------+--------+-----+--------+
         Total |    250 |    185 |     65 |      0 |    123 |   1 |  250.0 |
       Dungeon |    250 |    185 |     65 |      0 |    123 |   1 |  250.0 |
               +--------+--------+--------+--------+--------+-----+--------+

Top non-repeatable levels by time:
     D:1: 250 daAuts
